 Dungeon Crawl Stone Soup version 0.31-a0-702-gf82c85558f (webtiles) character file.

Game seed: 3833514799834488960

998 Kahsius the Firebug (level 8, -15/57 HPs)
             Began as a Hill Orc Fire Elementalist on Sept 8, 2023.
             Demolished by an ogre
             ... wielding a +0 giant club
              (23 damage)
             ... on level 5 of the Dungeon.
             The game lasted 00:21:21 (5088 turns).

Kahsius the Firebug (Hill Orc Fire Elementalist)    Turns: 5088, Time: 00:21:22

Health: -15/57     AC:  2    Str: 11    XL:     8   Next: 19%
Magic:  15/15      EV: 12    Int: 17    God:
Gold:   233        SH:  0    Dex: 11    Spells: 7/17 levels left

rFire   + . .        (no weapon)
rCold   x . .        (no shield)
rNeg    . . .        a - +0 robe
rPois   .            (no helmet)
rElec   .            (no cloak)
rCorr   +            (no gloves)
SInv    .            (no boots)
Will    .....        q - amulet of magic regeneration
Stlth   ++           m - ring of resist corrosion
HPRegen 0.29/turn    s - ring of fire
MPRegen 0.54/turn

%: no passive effects
@: no status effects
A: no striking features
a: no special abilities


You were on level 5 of the Dungeon.
You visited 1 branch of the dungeon, and saw 5 of its levels.

You collected 233 gold pieces.

Inventory:

Armour
 a - a +0 robe (worn)
Jewellery
 m - a ring of resist corrosion (left hand)
 q - an amulet of magic regeneration (around neck)
 r - an amulet of guardian spirit
 s - a ring of fire (right hand)
 x - an amulet of reflection
Wands
 w - a wand of light (9)
Scrolls
 c - 3 scrolls of poison {unknown}
 d - 2 scrolls of enchant weapon {unknown}
 f - a scroll of enchant armour {unknown}
 g - 7 scrolls of identify {unknown}
 i - a scroll of brand weapon {unknown}
 j - 2 scrolls of fear {unknown}
 k - 2 scrolls of teleportation {unknown}
 l - a scroll of revelation {unknown}
 o - 2 scrolls of amnesia {unknown}
 v - a scroll of noise {unknown}
Potions
 b - a potion of magic
 e - a potion of degeneration {unknown}
 h - a potion of might
 n - a potion of invisibility {unknown}
 p - 3 potions of curing {unknown}
 t - a potion of brilliance {unknown}
 u - 2 potions of heal wounds


   Skills:
 - Level 1.5 Dodging
 - Level 1.5 Stealth
 + Level 5.2 Spellcasting
 - Level 1.0 Conjurations
 + Level 0.5 Hexes
 + Level 7.7 Fire Magic


You had 7 spell levels left.
You knew the following spells:

 Your Spells              Type           Power      Damage    Failure   Level
a - Foxfire               Conj/Fire      100%       2x1d9     2%          1
b - Scorch                Fire           92%        2d8       1%          2
c - Inner Flame           Hex/Fire       27%        N/A       8%          3
d - Flame Wave            Conj/Fire      29%        2d9       22%         4

Your spell library contained the following spells:

 Spells                   Type           Power      Damage    Failure   Level
 Volatile Blastmotes      Fire/Tloc      52%        2d14      9%          3
 Static Discharge         Conj/Air       12%        2-3/arc   17%         2
 Airstrike                Air            2%         2d(1-17)  80%         4
 Summon Lightning Spire   Summ/Air       4%         N/A       80%         4


Dungeon Overview and Level Annotations

Branches:
Dungeon (5/15)             Temple (0/1) D:5

Altars:
Cheibriados
Kikubaaqudgha
Okawaru

Shops:
D:2 :


Message History

The adder's fire resistance burns away.
Casting: Scorch (safe; 1% risk of failure)
Confirm with . or Enter, or press ? or * to list all spells.
You feel a surge of power!
Flames lash the adder.
The adder is burned terribly!
You kill the adder!
An ogre comes into view. It is wielding a +0 giant club.
Casting: Scorch (safe; 1% risk of failure)
Confirm with . or Enter, or press ? or * to list all spells.
You feel a surge of power!
You conjure some foxfire!
The ogre shouts!
The foxfire hits the ogre!
The ogre is moderately wounded.
Casting: Foxfire (safe; 2% risk of failure)
Confirm with . or Enter, or press ? or * to list all spells.
You feel a surge of power!
You conjure some foxfire!
Your foxfire dissipates!
The foxfire hits the ogre.
The ogre is moderately wounded.
The foxfire hits the ogre.
The ogre is heavily wounded.
Casting: Foxfire (safe; 2% risk of failure)
Confirm with . or Enter, or press ? or * to list all spells.
You feel a surge of power!
You conjure some foxfire!
The ogre barely misses you.
Your foxfire dissipates!
The foxfire hits the ogre.
The ogre is severely wounded.
Casting: Foxfire (safe; 2% risk of failure)
Confirm with . or Enter, or press ? or * to list all spells.
You feel a surge of power!
You conjure some foxfire!
The ogre hits you with a +0 giant club!!
Ouch! That really hurt!
* * * LOW HITPOINT WARNING * * *
The foxfire hits the ogre!
The ogre is almost dead.
The foxfire hits the ogre.
The ogre is almost dead.
The ogre attacks as it pursues you!
The ogre hits you with a +0 giant club!!
You die...

.... ..#.#.#.#.#.. .
....)#####.......... ..
#))..####......######.
#†....#............ ###
#.###......#....... #.#
#..####....#....... #.#
##...###<.......... #.#
##O.......)........ ## #.##
#.@................ .### #..#
#.................. ...####.####
#.................. ##...>.....#
##..........#..#..#. ..#........#
#...........#.......
...........###...........##...#..
##.#.....................##.#....
##.........##....................
##.........#..##.#######.......##


You could see an ogre.

Vanquished Creatures
  2 ogres (D:5)
  A centaur (D:5)
  A phantom (D:5)
  A scorpion (D:5)
  A vampire bat (D:3)
  3 jellies
  2 hounds
  Ijyb (D:5)
  3 iguanas
  2 orc wizards
  10 gnolls (D:4)
  6 adders
  An ufetubus (D:4)
  2 worms
  A dart slug (D:1)
  7 orcs
  A bat skeleton (D:3)
  5 bat zombies (D:3)
  7 endoplasms
  A giant cockroach (D:2)
  14 goblins
  12 hobgoblins
  4 jackals
  10 kobolds
  2 quokkas
  6 ball pythons
  5 bats
  5 frilled lizards
  9 rats
125 creatures vanquished.

Vanquished Creatures (others)
  178 foxfires
178 creatures vanquished.

Grand Total: 303 creatures vanquished

Notes
Turn   | Place    | Note
-------+----------+-------------------------------------------
     0 | D:1      | Kahsius the Hill Orc Fire Elementalist began the quest for
                  | the Orb.
     0 | D:1      | Reached XP level 1. HP: 14/14 MP: 3/3
   176 | D:1      | Reached XP level 2. HP: 9/20 MP: 4/4
   179 | D:1      | Learned a level 2 spell: Scorch
   424 | D:1      | Reached skill level 4 in Fire Magic
   730 | D:1      | Reached XP level 3. HP: 26/26 MP: 0/5
   903 | D:1      | Found a faded altar of an unknown god.
  1489 | D:2      | Reached XP level 4. HP: 33/33 MP: 1/7
  2153 | D:2      | Reached skill level 5 in Fire Magic
  2562 | D:2      | Found Decer's Book Shoppe.
  2665 | D:2      | Reached XP level 5. HP: 38/38 MP: 5/9
  2853 | D:3      | Found a snail-covered altar of Cheibriados.
  3543 | D:3      | Found an ancient bone altar of Kikubaaqudgha.
  3708 | D:4      | Reached XP level 6. HP: 45/45 MP: 3/11
  3975 | D:4      | Reached skill level 6 in Fire Magic
  3979 | D:4      | Learned a level 3 spell: Inner Flame
  3984 | D:4      | Learned a level 4 spell: Flame Wave
  4194 | D:4      | Found an iron altar of Okawaru.
  4204 | D:4      | Reached XP level 7. HP: 50/50 MP: 8/13
  4656 | D:5      | Entered Level 5 of the Dungeon
  4725 | D:5      | Noticed Ijyb
  4734 | D:5      | Killed Ijyb
  4735 | D:5      | Reached skill level 7 in Fire Magic
  4808 | D:5      | Found a staircase to the Ecumenical Temple.
  4820 | D:5      | Reached XP level 8. HP: 57/57 MP: 10/15
  4899 | D:5      | Reached skill level 5 in Spellcasting
  5088 | D:5      | Demolished by an ogre

Illustrated notes

Levels and vault maps discovered:
D:1:      lightli_arrival_noodles, layout_basic, basic_ecumenical_altar,
          st_stairs_2, chequers_serial_rivers_micro_e
D:2:      layout_loops_corners, serial_shops, nicolae_shop_real_fake_doors
D:3:      layout_basic, kennysheep_vampire_church, mainiacjoe_overflow_paths,
          minmay_circle_x
D:4:      layout_basic, lemuel_crystal_altar
D:5:      layout_rooms, minmay_temple_entry_glass, nicolae_half_adder, uniq_ijyb

Skill      XL: |  1  2  3  4  5  6  7  8 |
---------------+-------------------------+-----
Fire Magic     | 4 5 6 7 |  7.7
Spellcasting   | 2 3 4 5 |  5.2
Dodging        | |  1.5
Stealth        | |  1.5
Conjurations   | |  1.0
Hexes          | |  0.5

Action                     |  1- 3 |  4- 6 |  7- 9 || total
---------------------------+-------+-------+-------++-------
  Melee: Unarmed           |    75 |    27 |       ||   102
         Punch             |       |     1 |       ||     1
   Cast: Scorch            |    12 |    54 |    27 ||    93
         Foxfire           |    27 |    68 |    17 ||   112
         Inner Flame       |       |     4 |     2 ||     6
    Use: Potion            |       |     2 |       ||     2
 Armour: Robe              |    38 |    57 |     8 ||   103
  Dodge: Dodged            |    76 |    71 |    10 ||   157

Table legend: (Time is in decaauts)
 A = Elapsed time spent in this place.
 B = Non-inter-level travel time spent in this place.
 C = Inter-level travel time spent in this place.
 D = Time resting spent in this place.
 E = Time spent auto-exploring this place.
 F = Levels seen in this place.
 G = Mean time per level.
                   A        B        C        D        E       F      G
               +--------+--------+--------+--------+--------+-----+--------+
         Total |   5086 |   4905 |    181 |      0 |   3952 |   5 | 1017.2 |
       Dungeon |   5086 |   4905 |    181 |      0 |   3952 |   5 | 1017.2 |
               +--------+--------+--------+--------+--------+-----+--------+

Top non-repeatable levels by time:
     D:1: 1443 daAuts
     D:2: 1407 daAuts
     D:4: 1000 daAuts
     D:3: 803 daAuts
     D:5: 431 daAuts
